Map: Frozen Temple

Players

Zode

  • Race: Zerg Zerg
  • League: Master

TheoRy - Winner!

  • Race: Protoss Protoss
  • League: Master

Event: Clash of the Clanless

VOD

Have the link to the VOD?

Description

Time

  • Played on: Aug. 20, 2016, 12:54 p.m.
  • Length: 8:34

All games in this series

Show
View Real Time Build Order
Export as new Build Order

Zode Zerg 

Build Orders: Hatch First, Zergling Baneling 

Get SALT Encoding   

  12  0:01  Drone  
  13  0:13  Overlord  
  13  0:18  Drone  
  14  0:31  Drone x2  
  14  0:35  Drone  
  17  0:53  Hatchery  
  17  0:55  Drone  
  17  1:01  Drone  
  18  1:08  Drone, Extractor  
  18  1:19  Spawning Pool  
  18  1:21  Drone  
  18  1:30  Drone  
  19  1:40  Overlord  
  19  1:50  Drone  
  20  2:07  Queen x2  
  20  2:08  Zergling x4  
  26  2:09  Metabolic Boost  
  26  2:14  Zergling x2  
  27  2:26  Zergling x4  
  29  2:30  Baneling Nest  
  29  2:37  Zergling x4  
  30  2:51  Overlord  
  30  2:52  Zergling x4  
  30  2:57  Overlord  
  32  3:06  Zergling x4  
  34  3:15  Zergling x2  
  35  3:20  Zergling x2  
  36  3:29  Zergling x8  
  36  3:30  Zergling x4  
  42  3:37  Baneling  
  42  3:38  Baneling x6  
  42  3:45  Zergling x6  
  44  3:59  Zergling x8  
  44  4:00  Zergling x2  
  46  4:11  Zergling x6  
  45  4:23  Zergling x4  
  47  4:27  Zergling x4  
  43  4:36  Baneling x5  
  42  4:42  Zergling x2  
  42  4:43  Zergling x2  
  42  4:47  Drone x2  
  42  5:03  Zergling x12  
  42  5:18  Zergling x4  
  40  5:23  Zergling x4  
  40  5:24  Zergling x6  
  43  5:32  Zergling x4  
  44  5:36  Baneling x4  
  44  5:37  Baneling  
  38  6:05  Zergling x10  
  38  6:06  Zergling x2  
  38  6:19  Zergling x8  
  38  6:31  Zergling x4  
  38  6:32  Zergling x2  
  38  6:37  Baneling x6  
  38  6:38  Zergling x2  
  39  6:46  Zergling x2  
  39  6:47  Zergling x6  
  39  7:07  Zergling x8  
  39  7:08  Zergling x2  
  36  7:18  Zergling x8  
  36  7:19  Baneling  
  36  7:20  Baneling x7  
  39  7:25  Zergling x4  
  41  7:33  Zergling x6  
  41  7:34  Zergling x2  
  44  7:38  Zergling x4  
  42  7:48  Zergling x6  
  40  7:52  Baneling x2  
  40  7:53  Baneling  
  39  8:03  Zergling x8  
  38  8:13  Zergling x6  
Show
View Real Time Build Order
Export as new Build Order

TheoRy Protoss - Winner!

Build Orders: Nexus First 

Get SALT Encoding   

  12  0:02  Probe (Chrono Boost)  
  13  0:13  Probe (Chrono Boost)  
  14  0:19  Pylon  
  14  0:23  Probe (Chrono Boost)  
  15  0:37  Probe (Chrono Boost)  
  16  0:48  Probe (Chrono Boost)  
  17  0:58  Nexus  
  17  1:02  Probe (Chrono Boost)  
  18  1:11  Gateway  
  18  1:15  Probe (Chrono Boost)  
  19  1:19  Assimilator  
  20  1:25  Probe (Chrono Boost)  
  20  1:27  Assimilator  
  20  1:36  Probe (Chrono Boost)  
  21  1:41  Pylon  
  21  1:46  Probe (Chrono Boost)  
  22  1:50  Gateway  
  22  2:00  Cybernetics Core  
  22  2:02  Probe (Chrono Boost)  
  23  2:10  Probe (Chrono Boost)  
  23  2:13  Probe (Chrono Boost)  
  25  2:20  Probe (Chrono Boost)  
  26  2:24  Probe (Chrono Boost)  
  27  2:31  Probe (Chrono Boost)  
  27  2:34  Probe (Chrono Boost), Gateway  
  31  2:40  Stalker  
  31  2:41  Sentry  
  31  2:43  Probe (Chrono Boost)  
  34  2:45  Warp Gate  
  34  2:48  Probe (Chrono Boost)  
  35  2:55  Probe (Chrono Boost)  
  35  2:56  Pylon  
  36  3:01  Mothership Core (Chrono Boost)  
  39  3:05  Probe (Chrono Boost)  
  39  3:15  Stargate  
  39  3:16  Probe (Chrono Boost)  
  39  3:19  Probe (Chrono Boost)  
  41  3:26  Assimilator  
  41  3:27  Probe (Chrono Boost)  
  42  3:28  Assimilator  
  42  3:30  Probe (Chrono Boost)  
  43  3:37  Probe (Chrono Boost)  
  43  3:40  Probe (Chrono Boost)  
  45  3:48  Probe (Chrono Boost)  
  44  3:51  Probe (Chrono Boost), Pylon  
  45  3:58  Probe (Chrono Boost)  
  45  4:01  Probe (Chrono Boost), Sentry x2  
  53  4:08  Pylon  
  53  4:09  Robotics Facility, Probe (Chrono Boost)  
  54  4:12  Probe (Chrono Boost)  
  53  4:20  Probe (Chrono Boost)  
  53  4:22  Probe (Chrono Boost)  
  55  4:32  Probe (Chrono Boost)  
  55  4:35  Pylon  
  55  4:37  Probe (Chrono Boost), Gateway  
  54  4:46  Pylon  
  54  4:50  Probe (Chrono Boost)  
  55  4:53  Pylon  
  55  4:54  Pylon  
  55  5:01  Probe (Chrono Boost)  
  55  5:04  Probe (Chrono Boost), Adept x2  
  56  5:08  Warp Prism  
  56  5:11  Probe (Chrono Boost)  
  55  5:21  Probe (Chrono Boost)  
  46  5:24  Probe (Chrono Boost)  
  38  5:29  Sentry x2  
  43  5:36  Probe (Chrono Boost)  
  42  5:48  Probe (Chrono Boost), Adept  
  42  5:49  Probe (Chrono Boost)  
  43  5:57  Pylon  
  43  5:59  Pylon  
  43  6:00  Probe (Chrono Boost)  
  43  6:01  Probe (Chrono Boost)  
  43  6:06  Adept x2  
  47  6:12  Probe (Chrono Boost), Adept  
  47  6:13  Probe (Chrono Boost)  
  48  6:24  Probe (Chrono Boost)  
  44  6:25  Probe (Chrono Boost)  
  44  6:33  Sentry  
  44  6:34  Sentry x2  
  44  6:36  Probe (Chrono Boost)  
  51  6:41  Pylon  
  51  6:42  Probe (Chrono Boost)  
  53  6:48  Probe (Chrono Boost)  
  54  6:54  Probe (Chrono Boost)  
  54  7:01  Probe (Chrono Boost)  
  46  7:09  Adept x3  
  46  7:10  Probe (Chrono Boost)  
  46  7:13  Probe (Chrono Boost)  
  49  7:21  Gateway  
  49  7:22  Probe (Chrono Boost)  
  50  7:23  Pylon  
  50  7:25  Probe (Chrono Boost), Pylon  
  50  7:27  Pylon  
  51  7:34  Probe (Chrono Boost)  
  52  7:40  Adept x2  
  55  7:47  Probe (Chrono Boost)  
  55  7:48  Probe (Chrono Boost)  
  57  7:52  Pylon  
  57  7:53  Gateway  
  57  7:55  Gateway  
  58  7:58  Adept  
  58  7:59  Sentry  
  58  8:00  Probe x2 (Chrono Boost)  
  63  8:14  Adept  
  63  8:15  Probe (Chrono Boost)  
  63  8:17  Probe (Chrono Boost), Gateway  
  61  8:23  Adept x3  
Tags
 
Add a new tag
Caveats
  • Supply blocks, unpowered buildings, or Contaminate may cause inaccurate times.
  • Supply counts are checked every 10 seconds.